 Dungeon Crawl Stone Soup version 0.13-a0-2910-g7a74111 (webtiles) character file.

107 Bloax the Insei (level 2, -1/21 HPs)
             Began as a Djinni Transmuter on Sept 1, 2013.
             Slain by a quokka (4 damage)
             ... on Level 2 of the Dungeon.
             The game lasted 00:02:34 (446 turns).

Bloax the Insei (Djinni Transmuter)                  Turns: 446, Time: 00:02:34

HP  -1/21        AC  2     Str 10      XL: 2   Next: 75%
MP   0/0         EV 12     Int 13      God:
Gold 84          SH  0     Dex 13      Spells:  2 memorised,  2 levels left

Res.Fire  : + + +   See Invis. : .     - Unarmed
Res.Cold  : x . .   Warding    : .   c - +0 robe
Life Prot.: + + +   Conserve   : .   (no shield)
Res.Poison: .       Res.Corr.  : .   (no helmet)
Res.Elec. : .       Clarity    : .   (no cloak)
Sust.Abil.: . .     Spirit.Shd : .   (no gloves)
Res.Mut.  : .       Stasis     : .   (boots unavailable)
Res.Rott. : .       Flight     : .   (no amulet)
Saprovore : . . .                    (no ring)
                                     (no ring)

@: mildly poisoned, not resistant to hostile enchantments, unstealthy
A: fire immunity, cold vulnerability, life protection 3
a: no special abilities


You were on level 2 of the Dungeon.
You were not hungry.

You visited 1 branch of the dungeon, and saw 2 of its levels.

You collected 64 gold pieces.


Innate Abilities, Weirdness & Mutations

You are immune to all types of fire, even holy and hellish.
You are vulnerable to cold.
You need no food.
You have no legs.
You are immune to negative energy.


   Skills:
 + Level 1.2 Fighting
 + Level 1.9 Dodging
 * Level 3.4 Unarmed Combat
 - Level 2.4 Spellcasting
 - Level 2.0 Transmutations


You had 2 spell levels left.
You knew the following spells:

 Your Spells              Type           Power        Failure   Level  Hunger
a - Beastly Appendage     Trmt           #.....       12%         1    #......
b - Sticks to Snakes      Trmt           #.........   17%         2    ###....


Dungeon Overview and Level Annotations

Branches:
Dungeon (2/27)

Altars:
Zin

Inventory:

Missiles
 b - 56 arrows
Armour
 c - a +0 robe (worn)
Scrolls
 a - a scroll of random uselessness
Books
 d - a book of Changes

   Spells                             Type                      Level
   *Beastly Appendage                 Transmutation                1
   *Sticks to Snakes                  Transmutation                2
   Spider Form                        Transmutation/Poison         3
   Ice Form                           Ice/Transmutation            4
   Blade Hands                        Transmutation                5

##### #...#
#)#r# ...#@#
.....#.S..'....
.....#.######...
.####. .. #. .


You could see an adder and a quokka.


Message History

* * * LOW HITPOINT WARNING * * *
Unknown command.
You hit the adder.
The adder is moderately wounded.
The adder bites you but does no damage. The quokka misses you.
Unknown command.
You barely miss the adder.
The adder is moderately wounded.
The adder barely misses you. The quokka closely misses you.
Unknown command.
Read which item? (? for menu, Esc to quit)
Okay, then.
You closely miss the adder.
The adder is moderately wounded.
The adder bites you.
* * * LOW HITPOINT WARNING * * *
The quokka misses you.
Drink which item? (? for menu, Esc to quit)
You feel much better.
It was a potion of magic.
The adder bites you.
You are poisoned.
The adder poisons you! The adder bites you but does no damage.
The quokka bites you.
You miss the adder.
The adder is lightly wounded.
The adder bites you but does no damage.
You hit the adder.
The adder is moderately wounded.
The quokka barely misses you. The adder barely misses you.
Unknown command.
You closely miss the adder.
The adder is moderately wounded.
The adder bites you. The quokka bites you.
* * * LOW HITPOINT WARNING * * *
The adder completely misses you.
You closely miss the adder.
The adder is moderately wounded.
The quokka barely misses you. The adder misses you.
Unknown command.
You barely miss the adder.
The adder is moderately wounded.
The quokka bites you.
* * * LOW HITPOINT WARNING * * *
The adder bites you but does no damage.
You miss the adder.
The adder is lightly wounded.
The adder bites you.
* * * LOW HITPOINT WARNING * * *
You are more poisoned.
The adder poisons you!
The quokka bites you but does no damage.
You hit the adder.
The adder is heavily wounded.
The adder barely misses you. The quokka barely misses you.
The adder completely misses you.
Unknown command.
You miss the adder.
The adder is heavily wounded.
* * * LOW HITPOINT WARNING * * *
You feel sick. The quokka completely misses you. The adder bites you.
* * * LOW HITPOINT WARNING * * *
You are more poisoned.
The adder poisons you!
Drink which item? (? for menu, Esc to quit)
You feel refreshed.
It was a potion of restore abilities.
The quokka misses you. The adder misses you.
You closely miss the adder.
The adder is heavily wounded.
* * * LOW HITPOINT WARNING * * *
You feel sick. The adder bites you but does no damage. The quokka bites you.
You die...

Action                   || total
-------------------------++-------
Melee: Unarmed           ||   103
  Use: Scroll            ||     3
       Potion            ||     2
 Stab: Sleeping          ||     1

Vault maps used:
D:1:      mrwooster_entry_statue_2
D:2:      zin_scriptorium, minmay_misc_feat_encased, nemelex_lonely_heart_becter

Notes
Turn   | Place    | Note
--------------------------------------------------------------
     0 | D:1      | Bloax, the Djinni Transmuter, began the quest for the Orb.
     0 | D:1      | Reached XP level 1. HP: 14/14 MP: 0/0
    96 | D:1      | Reached skill level 1 in Fighting
   238 | D:1      | Reached skill level 3 in Unarmed Combat
   244 | D:1      | Reached XP level 2. EP: 18/21
   376 | D:2      | Learned a level 2 spell: Sticks to Snakes
   401 | D:2      | Found a glowing silver altar of Zin.
   432 | D:2      | HP: 5/21 [quokka (4)]
   435 | D:2      | HP: 2/21 [adder (3)]
   444 | D:2      | HP: 5/21 [poisoned by an adder]
   446 | D:2      | Slain by a quokka

Vanquished Creatures
  4 bats
  2 giant cockroaches (D:1)
  6 hobgoblins
  A goblin (D:1)
  3 jackals (D:1)
  3 kobolds
  A rat (D:1)
20 creatures vanquished.
